 Dungeon Crawl Stone Soup version 0.26-b1-32-g5d43845318 (webtiles) character file.

Game seed: 8413668365344042450

55 theswoord the Cudgeller (level 3, -2/23 HPs)
             Began as a Gargoyle Monk on Jan 10, 2021.
             Slain by a worm (7 damage)
             ... on level 2 of the Dungeon.
             The game lasted 00:01:48 (1688 turns).

theswoord the Cudgeller (Gargoyle Monk)             Turns: 1688, Time: 00:01:49

Health: -2/23      AC: 11    Str: 14    XL:     3   Next: 93%
Magic:  3/3        EV:  6    Int: 10    God:
Gold:   188        SH:  0    Dex: 13    Spells: 2/2 levels left

rFire    . . .     SeeInvis .   e - +0 whip
rCold    . . .     Faith    .   (no shield)
rNeg     + . .     Spirit   .   j - +0 chain mail
rPois    ∞         Reflect  .   (no helmet)
rElec    +         Harm     .   (no cloak)
rCorr    .         Rampage  .   (no gloves)
Will     .....                  (no boots)
Stlth    ..........             (no amulet)
HPRegen  0.07/turn              (no ring)
MPRegen  0.08/turn              (no ring)

@: no status effects
A: negative energy resistance 1, electricity resistance, unbreathing,
petrification resistance, miasma immunity, AC +3
a: no special abilities


You were on level 2 of the Dungeon.
You visited 1 branch of the dungeon, and saw 2 of its levels.

You collected 188 gold pieces.

Inventory:

Hand Weapons
 a - a +0 mace
 e - a +0 whip (weapon)
Armour
 b - a +0 robe
 h - a +0 ring mail
 j - a +0 chain mail (worn)
Scrolls
 c - a scroll of immolation {unknown}
 f - 2 scrolls of identify {unknown}
 l - 3 scrolls of remove curse {unknown}
 m - a scroll of blinking {unknown}
Potions
 d - a potion of lignification {unknown}
 g - 2 potions of heal wounds {unknown}
 i - a potion of mutation {unknown}
 k - a potion of curing {unknown}


   Skills:
 - Level 3.2 Fighting
 + Level 4.7 Maces & Flails
 - Level 2.4 Dodging
 - Level 2.1 Stealth


You had 2 spell levels left.
You didn't know any spells.
Your spell library was empty.

Dungeon Overview and Level Annotations

Branches:
Dungeon (2/15)

Altars:
Hepliaklqana


Innate Abilities, Weirdness & Mutations

You are resistant to torment.
Your stone body is resilient. (AC +3)
You are immune to poison.
You resist negative energy. (rN+)
You are resistant to electric shocks. (rElec)
You can survive without breathing.
You are immune to petrification.
You are immune to miasma.


Message History

The worm barely misses you.
You hit the worm.
The worm is almost dead.
The worm bites you but does no damage.
You hit the worm but do no damage.
The worm is severely wounded.
Your chain mail prevents you from hitting the worm.
The worm is severely wounded.
The worm bites you but does no damage.
You hit the worm but do no damage.
The worm is severely wounded.
You completely miss the worm.
The worm is severely wounded.
The worm bites you but does no damage.
You hit the worm.
The worm is severely wounded.
You hit the worm but do no damage.
The worm is severely wounded.
The worm bites you!
You die...

#.#+## #....##
#####.....##
..........##
#.$.......# ..#
+......!..+ ...
#....w....# ###
#...@...#
##.....## ##...##
##'## #.# #.#
##.## ##...##
##.....#########.


You could see a worm.

Vanquished Creatures
  An adder (D:2)
  2 oozes
  A worm (D:2)
  A dart slug (D:1)
  A giant cockroach (D:2)
  7 goblins
  6 hobgoblins
  4 kobolds (D:1)
  6 bats (D:1)
  A frilled lizard (D:1)
  3 rats (D:1)
33 creatures vanquished.

Notes
Turn   | Place    | Note
-------+----------+-------------------------------------------
     0 | D:1      | theswoord the Gargoyle Monk began the quest for the Orb.
     0 | D:1      | Reached XP level 1. HP: 14/14 MP: 1/1
    84 | D:1      | Reached XP level 2. HP: 19/19 MP: 2/2
   453 | D:1      | Reached skill level 4 in Maces & Flails
   490 | D:1      | Reached XP level 3. HP: 23/23 MP: 3/3
  1056 | D:2      | Found a hazy altar of Hepliaklqana.
  1688 | D:2      | Slain by a worm

Skill      XL: |  1  2 |
---------------+-------+-----
Maces & Flails | 4 |  4.7
Fighting       | |  3.2
Dodging        | |  2.4
Stealth        | |  2.1

Action                   || total
-------------------------++-------
Melee: Mace              ||    30
       Whip              ||   126
 Stab: Sleeping          ||     2
Armor: Robe              ||    11
       Chain mail        ||    52
       Ring mail         ||    18
Dodge: Dodged            ||    65

Levels and vault maps discovered:
D:1:      minmay_arrival_floating_metal, layout_loops_ring, minmay_domino_4
D:2:      layout_loops_corners, nzn_hepliaklqana_mist_gate,
          nzn_wu_jian_council_hall, minmay_randomly_rotated_circles
